 Dungeon Crawl Stone Soup version 0.21.0-3-g78d12a8bdd (webtiles) character file.

282 Esekla the Conjurer (level 6, -5/44 HPs)
             Began as a Formicid Conjurer on Jan 16, 2018.
             Slain by a phantom (10 damage)
             ... on level 9 of the Dungeon.
             The game lasted 00:23:29 (1757 turns).

Esekla the Conjurer (Formicid Conjurer)             Turns: 1757, Time: 00:23:30

Health: -5/44      AC:  5    Str: 12    XL:     6   Next: 53%
Magic:  9/9        EV: 12    Int: 17    God:
Gold:   114        SH:  0    Dex: 11    Spells: 3/9 levels left

rFire    . . .     SeeInvis +   g - +0 short sword
rCold    . . .     Gourm    .   (no shield)
rNeg     . . .     Faith    .   a - +0 robe
rPois    .         Spirit   .   (helmet unavailable)
rElec    .         Reflect  .   (no cloak)
rCorr    .         Harm     .   f - +2 pair of gloves
MR       .....                  (no boots)
Stlth    ++........             (no amulet)
HPRegen  0.14/turn              (no ring)
MPRegen  0.11/turn              (no ring)

@: no status effects
A: permanent stasis, dig shafts and tunnels, four strong arms, antennae 3,
hooves 1, blurry vision 1
a: Dig, Shaft Self


You were on level 9 of the Dungeon.
You were hungry.

You visited 1 branch of the dungeon, and saw 6 of its levels.

You collected 114 gold pieces.

Inventory:

Hand Weapons
 g - a +0 short sword (weapon)
Missiles
 h - 4 javelins (quivered)
Armour
 a - a +0 robe (worn)
 f - a +2 pair of gloves (worn)
Jewellery
 k - an uncursed amulet of harm {unknown}
 l - a +3 ring of evasion {unknown}
Scrolls
 c - a scroll of amnesia {unknown}
 e - a scroll of enchant weapon
Potions
 d - a potion of curing {unknown}
 j - a potion of brilliance
 m - 2 potions of lignification
Books
 b - a book of Conjurations

   Spells                             Type                      Level
   a - Magic Dart                     Conjuration                  1
   b - Searing Ray                    Conjuration                  2
   c - Dazzling Spray                 Conjuration/Hexes            3
   d - Fulminant Prism                Conjuration/Hexes            4
   e - Force Lance                    Conjuration/Translocation    4
   f - Iskenderun's Mystic Blast      Conjuration                  4


   Skills:
 * Level 2.3 Fighting
 * Level 4.0 Short Blades
 + Level 2.5 Dodging
 - Level 2.4 Stealth
 + Level 2.4 Spellcasting
 + Level 4.1 Conjurations
 * Level 1.7 Hexes


You had 3 spell levels left.
You knew the following spells:

 Your Spells              Type           Power        Failure   Level  Hunger
a - Magic Dart            Conj           ###.         3%          1    #......
b - Searing Ray           Conj           ###...       4%          2    ##.....
c - Dazzling Spray        Conj/Hex       ##....       17%         3    ###....


Dungeon Overview and Level Annotations

Branches:
Dungeon (6/15)
 Temple: D:4-7

Altars:
Hepliaklqana
Okawaru
Qazlal
Sif Muna
Xom

Annotations:
D:4 Grinder, Pikel


Innate Abilities, Weirdness & Mutations

You cannot be hasted, slowed, berserked, paralysed or teleported.
You can dig through walls and to a lower floor.
Your four strong arms can wield two-handed weapons with a shield.
You have a pair of large antennae on your head. (SInv)
You have large cloven feet.
Scrolls take you a little longer to read.


Message History

The crimson imp is lightly wounded.
The crimson imp barely misses you. The phantom hits you.
* * * LOW HITPOINT WARNING * * *
Okay, then.
Are you sure you want to shaft yourself?
You feel quite a bit more hungry. The crimson imp closely misses you.
The phantom hits you.
* * * LOW HITPOINT WARNING * * *
You begin to dig a shaft.
You continue digging a shaft.
The crimson imp barely misses you. The phantom barely misses you.
A shaft appears beneath you!
You fall through a shaft for 3 floors!
The shaft crumbles and collapses.
A phantom comes into view.
Found 10 gold pieces.
You open the door. The phantom hits you.
* * * LOW HITPOINT WARNING * * *
There is an open door here.
You barely miss the phantom. The phantom hits you!
You die...

#.......
#......
#.....
#....#
#....#
#..$.#
#....#
#..W.#
###@##
#.# ...
##.##
#+#


You could see a phantom.

Vanquished Creatures
  The ghost of heintsi the Grasshopper, an amateur HaWr (D:3)
  A howler monkey (D:6)
  2 crimson imps (D:6)
  A bullfrog skeleton (D:6)
  2 adders
  3 dart slugs
  4 leopard geckos
  5 giant cockroaches
  7 goblins
  7 hobgoblins
  3 jackals (D:4)
  A ball python (D:3)
  4 bats
  4 frilled lizards
  A jackal skeleton (D:6)
  5 kobolds
  8 rats
59 creatures vanquished.

Vanquished Creatures (others)
  A hound (D:6)
  A worker ant (D:6)
2 creatures vanquished.

Grand Total: 61 creatures vanquished

Notes
Turn   | Place    | Note
-------+----------+-------------------------------------------
     0 | D:1      | Esekla the Formicid Conjurer began the quest for the Orb.
     0 | D:1      | Reached XP level 1. HP: 13/13 MP: 3/3
   226 | D:2      | Found a hazy altar of Hepliaklqana.
   262 | D:2      | Reached XP level 2. HP: 20/20 MP: 5/5
   275 | D:2      | Learned a level 2 spell: Searing Ray
   469 | D:1      | Reached skill level 1 in Short Blades
   522 | D:1      | Reached XP level 3. HP: 20/25 MP: 2/6
   828 | D:2      | Learned a level 3 spell: Dazzling Spray
  1089 | D:2      | Gained mutation: Scrolls take you a little longer to read. [potion of mutation]
  1089 | D:2      | Gained mutation: You have large cloven feet. [potion of mutation]
  1093 | D:2      | Found a stormy altar of Qazlal.
  1295 | D:3      | Found a deep blue altar of Sif Muna.
  1302 | D:3      | Reached skill level 1 in Fighting
  1324 | D:3      | Reached XP level 4. HP: 29/32 MP: 7/7
  1446 | D:3      | Noticed heintsi's ghost (amateur HaWr)
  1464 | D:3      | Killed heintsi's ghost
  1464 | D:3      | Reached skill level 1 in Hexes
  1464 | D:3      | Reached XP level 5. HP: 25/38 MP: 2/8
  1622 | D:4      | Found an iron altar of Okawaru.
  1624 | D:4      | Noticed Pikel
  1624 | D:4      | Noticed a slave
  1647 | D:4      | Noticed a slave
  1649 | D:4      | Noticed Grinder
  1666 | D:4      | You fall through a shaft for 2 floors!
  1666 | D:6      | Found a shimmering altar of Xom.
  1666 | D:6      | Found the +2 cloak of the Thief {+Fog Slay-2 SInv Stlth+}
  1666 | D:6      | Noticed a phantom
  1698 | D:6      | Reached XP level 6. HP: 36/44 MP: 4/9
  1753 | D:6      | You fall through a shaft for 3 floors!
  1753 | D:9      | Noticed a phantom
  1757 | D:9      | Slain by a phantom

Skill      XL: |  1  2  3  4  5  6 |
---------------+-------------------+-----
Short Blades   | 1 3 4 |  4.0
Dodging        | 2 |  2.5
Conjurations   | 4 |  4.1
Fighting       | 1 2 |  2.3
Hexes          | 1 |  1.7
Stealth        | |  2.4
Spellcasting   | |  2.4

Action                   |  1- 3 |  4- 6 || total
-------------------------+-------+-------++-------
Melee: Short sword       |    97 |    96 ||   193
       Kick              |     3 |    12 ||    15
Throw: Javelin           |     6 |     2 ||     8
 Cast: Magic Dart        |    17 |     1 ||    18
       Searing Ray       |     1 |     3 ||     4
 Abil: Shaft Self        |       |     2 ||     2
  Use: Scroll            |     6 |       ||     6
       Potion            |     1 |     1 ||     2
 Stab: Sleeping          |     4 |       ||     4
  Eat: Ration            |     1 |       ||     1
Armor: Robe              |     7 |    32 ||    39
Dodge: Dodged            |    53 |    76 ||   129
